AoeStats
← Simple Jack, u mad?

African Clearing

504477745Analyzed
4v4 RM · 28d ago on Sep 5, 2026· 28m 38s· 8 players
Game mode
Random Map
Map size
Large (8 player)
Population
200
Speed
Normal
Resources
Standard
Victory
Conquest
Starting age
Dark Age
Ending age
Imperial Age
RankedLock teamsTeams togetherTeam positionsShared explorationLock speedFull tech treeHidden civsTurbo modeCheats
Victory
Defeat
1813
+10
1749
+12
1741
+13
1543
+21
🇭🇰 Mapuche · Hong Kong SAR China
1707
-16
🇸🇪 Inca · Sweden
1658
-14
🇺🇸 Armenians · United States
1654
-13
🇺🇸 Magyars · United States
1644
-13
Mo_Tastic
10:48 Feudal Age
10:49 Man-at-Arms
12:17 Double-Bit Axe
12:04 Long Swordsman
14:12 Loom
14:56 Scale Mail Armor
15:58 Fletching
17:49 Horse Collar
18:25 Padded Archer Armor
21:48 Pikeman
25:38 Wheelbarrow
29:16 Castle Age
27:18 Fishing Lines
28:19 Forging
deev
9:40 Loom
9:51 Loom
12:05 Feudal Age
12:42 Town Watch
13:45 Double-Bit Axe
16:06 Scale Barding Armor
22:56 Wheelbarrow
27:55 Castle Age
Simple Jack, u mad?
5:49 Loom
11:21 Feudal Age
11:44 Champi Runner
12:56 Double-Bit Axe
15:37 Scale Mail Armor
17:49 Gold Mining
19:06 Horse Collar
23:13 Castle Age
22:17 Fletching
23:56 Squires
23:19 Champi Warrior
T
10:52 Loom
13:12 Feudal Age
17:43 Castle Age
17:28 Fletching
18:24 Bodkin Arrow
Yucatan_water_supremacy
3:27 Loom
13:16 Feudal Age
14:04 Town Watch
16:24 Fletching
22:58 Castle Age
22:20 Double-Bit Axe
24:50 Pikeman
魔卡少女简狸狸
11:10 Feudal Age
13:35 Loom
14:53 Fletching
22:17 Padded Archer Armor
26:21 Double-Bit Axe
自有大儒为我辩经
3:00 Loom
13:26 Feudal Age
17:14 Castle Age
15:26 Double-Bit Axe
16:14 Scale Barding Armor
17:29 Bloodlines
19:11 Forging
19:55 Chain Barding Armor
22:21 Forging
25:10 Husbandry
26:11 Iron Casting
长江黄河不会倒流
8:08 Loom
13:27 Feudal Age
17:05 Castle Age
15:22 Double-Bit Axe
18:38 Bow Saw
20:13 Fletching
22:23 Bodkin Arrow
25:21 Wheelbarrow
26:08 Gold Mining
26:09 Stone Mining
26:50 Ballistics
27:40 Padded Archer Armor
Connection lost

Rejoining the realm…

Still unreachable

The connection could not be restored.

Session expired

The server has moved on; the page needs a fresh start.